 Dungeon Crawl Stone Soup version 0.17.1-2-g5865329 (webtiles) character file.

3 ololoev the Skirmisher (level 1, 0/18 HPs)
             Began as a Demonspawn Fighter on Feb 12, 2016.
             Succumbed to an orc wizard's poison
             ... on level 4 of the Dungeon.
             The game lasted 00:01:24 (175 turns).

ololoev the Skirmisher (Demonspawn Fighter)          Turns: 175, Time: 00:01:24

Health: 0/18       AC:  7    Str: 21    XL:     1   Next: 41%
Magic:  1/1        EV:  7    Int:  9    God:
Gold:   8          SH:  9    Dex: 12    Spells: 0 memorised, 0 levels left

rFire  . . .     SeeInvis .     a - +0 war axe
rCold  . . .     Clarity  .     b - +0 scale mail
rNeg   . . .     SustAt   .     c - +0 shield
rPois  .         Gourm    .     (no helmet)
rElec  .         Spirit   .     (no cloak)
rCorr  .         Warding  .     i - +0 pair of gloves
rMut   .         Stasis   .     (no boots)
MR     .....                    (no amulet)
Stlth  ..........               (no ring)
                                (no ring)

@: mighty, lethally poisoned (0 -> -16), not resistant to hostile enchantments,
extremely unstealthy
A: no striking features
a: no special abilities

Inventory:

Hand Weapons
 a - a +0 war axe (weapon)
Armour
 b - a +0 scale mail (worn)
 c - a +0 shield (worn)
 i - a +0 pair of gloves (worn)
Jewellery
 f - an uncursed ring of fire
Scrolls
 h - 2 scrolls of teleportation {unknown}
Potions
 d - a potion of might
Comestibles
 e - 2 bread rations
 g - a royal jelly


   Skills:
 - Level 3.0 Fighting
 * Level 2.0 Axes
 + Level 2.7 Armour
 - Level 2.6 Shields


You couldn't memorise any spells.
You didn't know any spells.


You were on level 4 of the Dungeon.
You were not hungry.

You visited 1 branch of the dungeon, and saw 4 of its levels.

You collected 8 gold pieces.

###.....≈≈##≈≈≈P..#
###'#####≈≈≈≈.P.## #..#
≈≈≈≈≈≈...# ##''##
≈≈≈≈≈≈≈.P# #.)..#
####≈≈PP.# #....#
#≈≈≈≈....# ≈ #....#
#≈≈≈≈....#
≈oo######....######≈..PP#
≈≈≈≈≈≈≈#@####.#≈≈≈≈..P.##
≈≈≈≈≈≈o{## ##≈≈≈≈....##
≈≈≈≈≈≈### ###≈.P.P##
##### #######

Notes
Turn   | Place    | Note
--------------------------------------------------------------
     0 | D:1      | ololoev the Demonspawn Fighter began the quest for the Orb.
     0 | D:1      | Reached XP level 1. HP: 18/18 MP: 1/1
    79 | D:4      | Killed a scorpion
   106 | D:4      | Killed an ogre
   160 | D:4      | Noticed an orc wizard
   162 | D:4      | Noticed an orc priest
   175 | D:4      | Succumbed to an orc wizard's poison

Dungeon Overview and Level Annotations

Branches:
Dungeon (4/15)
 Temple: D:4-7

Altars:


Message History

Put on which piece of jewellery? (? for menu, Esc to quit)
You remove your ring of fire.
The orc shouts!
An orc priest comes into view.
You hit the orc wizard but do no damage.
The orc wizard hits you but does no damage.
You closely miss the orc wizard.
The orc wizard hits you but does no damage.
You are poisoned.
The orc wizard miscasts a cantrip.
You hit the orc wizard.
The orc wizard is lightly wounded.
You feel sick.
The orc wizard hits you but does no damage.
You are lethally poisoned!
You closely miss the orc wizard.
The orc wizard is lightly wounded.
You feel sick.
The orc wizard splashes around in the water.
The orc wizard hits you with a dagger of venom.
You are more poisoned.
Drink which item? (? for menu, Esc to quit)
You feel very mighty all of a sudden.
You feel sick. You block the orc wizard's attack.
You slice the orc wizard!!
The orc wizard is almost dead.
You feel sick.
The orc wizard gestures at you while chanting.
The magic dart hits you!
Your shield and scale mail prevent you from hitting the orc wizard.
The orc wizard is almost dead.
You feel sick.
The orc wizard mumbles some strange words.
The orc wizard flickers and vanishes!
Deactivating autopickup; reactivate with Ctrl-A.
You hear some strange, mumbled words.
A magic dart appears from out of thin air!
The magic dart hits you!
You hit something.
You die...

You could see an orc.

Vanquished Creatures
  A giant cockroach (D:1)
  A giant newt (D:1)
  2 rats (D:2)
4 creatures vanquished.

Vanquished Creatures (others)
  An ogre (D:4)
  A scorpion (D:4)
  An orc (D:4)
3 creatures vanquished.

Grand Total: 7 creatures vanquished

Action                   || total
-------------------------++-------
Melee: War axe           ||    16
  Use: Potion            ||     1

Vault maps used:
D:1:      saegor_arrival_simple_b, minmay_surrounded
D:2:      nicolae_gozag_seed_capital, uniq_iyjb
D:3:      overflow_temple_1_default, makhleb_altar_promises_db
D:4:      wad_lake_hut, xom_confusion_cloud
